 Dungeon Crawl Stone Soup version 0.31-a0-844-gdc52ec4e09 (webtiles) character file.

Game seed: 12916032104815445615

27 randomguy2701 the Magician (level 3, 0/28 HPs)
             Began as a Gnoll Wanderer on Sept 29, 2023.
             Slain by a kobold
             ... wielding a +2 dagger of speed
              (1 damage)
             ... on level 2 of the Dungeon.
             The game lasted 00:00:48 (620 turns).

randomguy2701 the Magician (Gnoll Wanderer)          Turns: 620, Time: 00:00:48

Health: 0/28       AC:  3    Str: 16    XL:     3   Next: 10%
Magic:  11/11      EV: 11    Int:  9    God:
Gold:   43         SH:  0    Dex: 10    Spells: 15/16 levels left

rFire   . . .        a - +0 club
rCold   . . .        (no shield)
rNeg    . . .        e - +0 leather armour
rPois   .            (no helmet)
rElec   .            (no cloak)
rCorr   .            (no gloves)
SInv    .            (no boots)
Will    .....        (no amulet)
Stlth   ++           (no ring)
HPRegen 0.24/turn    (no ring)
MPRegen 0.12/turn

%: no passive effects
@: no status effects
A: fangs 1, strong nose, distributed training
a: no special abilities


You were on level 2 of the Dungeon.
You visited 1 branch of the dungeon, and saw 2 of its levels.

You collected 43 gold pieces.

Inventory:

Hand Weapons
 a - a +0 club (weapon)
Armour
 e - a +0 leather armour (worn)
Jewellery
 h - an amulet of reflection
Wands
 c - a wand of polymorph (3)
Scrolls
 g - a scroll of noise {unknown}
Potions
 b - a potion of berserk rage
 d - a potion of attraction
 f - a potion of invisibility


   Skills:
 + Level 2.5 Fighting
 + Level 0.6 Short Blades
 + Level 0.6 Long Blades
 + Level 0.6 Axes
 + Level 0.6 Maces & Flails
 + Level 0.6 Polearms
 + Level 0.6 Staves
 + Level 0.6 Ranged Weapons
 + Level 2.5 Throwing
 + Level 0.6 Armour
 + Level 0.6 Dodging
 + Level 2.3 Stealth
 + Level 0.6 Shields
 + Level 6.5 Unarmed Combat
 + Level 7.1 Spellcasting
 + Level 0.4 Conjurations
 + Level 0.4 Hexes
 + Level 0.4 Summonings
 + Level 0.4 Necromancy
 + Level 0.4 Translocations
 + Level 0.4 Transmutations
 + Level 0.4 Fire Magic
 + Level 0.4 Ice Magic
 + Level 0.4 Air Magic
 + Level 0.4 Earth Magic
 + Level 0.4 Poison Magic
 + Level 0.8 Invocations
 + Level 2.5 Evocations
 + Level 0.5 Shapeshifting


You had 15 spell levels left.
You knew the following spells:

 Your Spells              Type           Power      Damage    Failure   Level
a - Slow                  Hex            16%        N/A       21%         1

Your spell library contained the following spells:

 Spells                   Type           Power      Damage    Failure   Level
 Inner Flame              Hex/Fire       4%         N/A       52%         3


Dungeon Overview and Level Annotations

Branches:
Dungeon (2/15)

Altars:

Shops:
D:1 !!:=


Innate Abilities, Weirdness & Mutations

You have very sharp teeth.
Your uncanny sense of smell can sniff out nearby items.
Your experience applies equally to all skills.


Message History

The kobold hits you with a +2 dagger of speed.
You are too injured to fight recklessly!
You are too injured to fight recklessly!
You are too injured to fight recklessly!
A kobold is nearby!
A kobold is nearby!
A kobold is nearby!
You are too injured to fight recklessly!
You are too injured to fight recklessly!
You are too injured to fight recklessly!
You are too injured to fight recklessly!
You are too injured to fight recklessly!
You are too injured to fight recklessly!
You hit the kobold.
The kobold is severely wounded.
The kobold barely misses you. The kobold misses you.
You closely miss the kobold. You bite the kobold, but do no damage.
The kobold is severely wounded.
The kobold hits you with a +2 dagger of speed. x2
You completely miss the kobold.
The kobold is severely wounded.
The kobold hits you with a +2 dagger of speed.
* * * LOW HITPOINT WARNING * * *
The kobold hits you but does no damage.
You hit the kobold but do no damage.
The kobold is severely wounded.
The kobold hits you but does no damage.
The kobold hits you with a +2 dagger of speed.
* * * LOW HITPOINT WARNING * * *
You miss the kobold.
The kobold is severely wounded.
The kobold completely misses you.
The kobold hits you with a +2 dagger of speed.
* * * LOW HITPOINT WARNING * * *
You completely miss the kobold.
The kobold is severely wounded.
The kobold hits you with a +2 dagger of speed.
* * * LOW HITPOINT WARNING * * *
The kobold hits you with a +2 dagger of speed.
You die...

......
.(..#
.#.#.
....# ∆
....
....
.#. ...
..#.$
... #
#K#
#.#@#
#..<#
###.#
...
...#.
..###.#
... .
.... ..
.... ..


You could see a kobold.

Vanquished Creatures
  3 dart slugs (D:1)
  A giant cockroach (D:1)
  4 goblins (D:1)
  3 quokkas (D:1)
  2 ball pythons (D:1)
  2 bats (D:1)
  4 kobolds (D:1)
  A rat (D:1)
20 creatures vanquished.

Notes
Turn   | Place    | Note
-------+----------+-------------------------------------------
     0 | D:1      | randomguy2701 the Gnoll Wanderer began the quest for the
                  | Orb.
     0 | D:1      | randomguy2701 set off with the following items: a +0 club,
                  | a potion of berserk rage, a wand of polymorph (3), a potion
                  | of attraction, a +0 leather armour, a potion of
                  | invisibility; and the following spell memorised: Slow; and
                  | the following spells available to memorise: Inner Flame.
     0 | D:1      | Reached XP level 1. HP: 17/17 MP: 8/8
    51 | D:1      | Found Goik Dek's Jewellery Shoppe.
    88 | D:1      | Found Cedyatef's Distillery.
   119 | D:1      | Found Nuphe's Book Boutique.
   155 | D:1      | Reached XP level 2. HP: 22/23 MP: 10/10
   192 | D:1      | Found Cofeloh's Distillery.
   443 | D:1      | Reached XP level 3. HP: 14/28 MP: 11/11
   620 | D:2      | HP: 1/28 [kobold/+2 dagger of speed (5)]
   620 | D:2      | Slain by a kobold

Illustrated notes

Levels and vault maps discovered:
D:1:      dpeg_arrival_long_road, layout_rooms, serial_shops, shop,
          nicolae_shop_behind_doors, shop, nicolae_diamond_shop
D:2:      layout_basic, serial_co_window_serial, co_window_paths_a,
          co_window_of_opportunity_a, co_window_paths_b, co_window_corner_a,
          co_window_of_opportunity_a, co_window_corner_cb, co_window_2corner,
          co_window_corner_b, co_window_corner_ca, co_window_corner_b,
          co_window_sun, co_window_4corner_b, glass_columns_a, glass_columns_b,
          glass_columns_a, glass_columns_a, glass_columns_a,
          minmay_misc_feat_rugged, minmay_lizard_king

Action                     || total
---------------------------++-------
  Melee: Club              ||    97
         Bite              ||     9
         Punch             ||     2
 Armour: Leather armour    ||    79
  Dodge: Dodged            ||    58

Table legend: (Time is in decaauts)
 A = Elapsed time spent in this place.
 B = Non-inter-level travel time spent in this place.
 C = Inter-level travel time spent in this place.
 D = Time resting spent in this place.
 E = Time spent auto-exploring this place.
 F = Levels seen in this place.
 G = Mean time per level.
                   A        B        C        D        E       F      G
               +--------+--------+--------+--------+--------+-----+--------+
         Total |    646 |    637 |      9 |      0 |    454 |   2 |  323.0 |
       Dungeon |    646 |    637 |      9 |      0 |    454 |   2 |  323.0 |
               +--------+--------+--------+--------+--------+-----+--------+

Top non-repeatable levels by time:
     D:1: 625 daAuts
     D:2: 20 daAuts
